 Dungeon Crawl Stone Soup version 0.28.0-43-g3370ac3207 (webtiles) character file.

Game seed: 14565414964921335916

800 issech the Cudgeller (level 7, 0/68 HPs)
             Began as a Troll Monk on Mar 22, 2022.
             Slain by an adder (2 damage)
             ... in a sewer.
             The game lasted 00:16:48 (4584 turns).

issech the Cudgeller (Troll Monk)                   Turns: 4584, Time: 00:16:48

Health: 0/68       AC:  4    Str: 20    XL:     7   Next: 59%
Magic:  0/6        EV: 15    Int:  6    God:
Gold:   162        SH:  0    Dex: 14    Spells: 6/6 levels left

rFire   . . .      SeeInvis .   x - +0 giant spiked club
rCold   . . .      Faith    .   (shield currently unavailable)
rNeg    . . .      Spirit   +   b - +0 robe
rPois   .          Reflect  .   (helmet restricted)
rElec   .          Harm     .   (no cloak)
rCorr   .          Rampage  .   (gloves unavailable)
Will    .....                   (boots unavailable)
Stlth   ++........              i - amulet of guardian spirit
HPRegen 1.01/turn               l - +4 ring of evasion
MPRegen 0.10/turn               (no ring)

@: very slow
A: large, unfitting armour, claws 3, regeneration 1, shaggy fur 1, tough skin 1
a: no special abilities


You were in a sewer.
You visited 1 branch of the dungeon, and saw 5 of its levels.
You also visited: Sewer.

You collected 162 gold pieces.

Inventory:

Hand Weapons
 a - a +0 mace
 h - a +3 spear
 j - a +0 dagger of holy wrath
 k - a +0 spear of venom
 w - a +0 flail
 x - a +0 giant spiked club (weapon)
Missiles
 c - 35 arrows
 g - 171 stones
 n - 5 large rocks (quivered)
 u - 47 bolts
 y - 8 poisoned darts
Armour
 b - a +0 robe (worn)
Magical Staves
 o - a staff of fire
 t - a staff of death
Jewellery
 i - an amulet of guardian spirit (around neck)
 l - a +4 ring of evasion (left claw)
Scrolls
 d - a scroll of magic mapping {unknown}
 f - 2 scrolls of amnesia
 s - a scroll of fog {unknown}
 z - a scroll of vulnerability {unknown}
 B - 2 scrolls of noise
 C - a scroll of enchant armour {unknown}
 D - a scroll of blinking {unknown}
Potions
 e - a potion of flight {unknown}
 m - a potion of ambrosia {unknown}
 p - a potion of lignification {unknown}
 r - a potion of heal wounds {unknown}
 v - a potion of brilliance {unknown}
 A - 2 potions of curing {unknown}
 E - a potion of mutation
Miscellaneous
 q - a piece from Xom's chessboard (15/15)


   Skills:
 + Level 3.8 Fighting
 + Level 6.1 Maces & Flails
 + Level 0.6 Throwing
 + Level 4.2 Dodging
 + Level 1.5 Stealth


You had 6 spell levels left.
You didn't know any spells.
Your spell library contained the following spells:

 Spells                   Type           Power      Damage    Failure   Level
 Shock                    Conj/Air       0%         1d3       45%         1
 Blink                    Tloc           0%         N/A       58%         2
 Sublimation of Blood     Necr           0%         N/A       58%         2
 Gell's Gravitas          Tloc           0%         N/A       83%         3
 Lesser Beckoning         Tloc           0%         N/A       83%         3
 Swiftness                Air            0%         N/A       83%         3
 Teleport Other           Tloc           0%         N/A       83%         3
 Airstrike                Air            0%         N/A       99%         4
 Petrify                  Tmut/Erth      0%         N/A       99%         4
 Irradiate                Conj/Tmut      0%         3d14      100%        5
 Manifold Assault         Tloc           0%         N/A       100%        5
 Storm Form               Tmut/Air       0%         N/A       100%        7


Dungeon Overview and Level Annotations

Branches:
Dungeon (5/15)              Sewer (1/1)
 Temple: D:4-7

Altars:
Nemelex Xobeh
Okawaru
Xom
The Shining One


Innate Abilities, Weirdness & Mutations

You are too large for most types of armour.
You have claws for hands.
Your natural rate of healing is unusually fast.
You are covered in fur. (AC +1)
You have tough skin. (AC +1)


Message History

The adder bites you but does no damage. The adder bites you.
* * * LOW HITPOINT WARNING * * *
The adder closely misses you. The adder misses you.
You enter the shallow water.
Moving in this stuff is going to be slow.
The adder misses you. x2; The adder bites you but does no damage.
The adder bites you but does no damage. The adder closely misses you.
The adder bites you.
* * * LOW HITPOINT WARNING * * *
The adder bites you but does no damage. x2
The adder bites you but does no damage. The adder barely misses you.
The adder misses you. The adder bites you.
* * * LOW HITPOINT WARNING * * *
You are poisoned.
The adder poisons you!
You feel sick. The adder barely misses you. The adder misses you.
You enter the shallow water.
Moving in this stuff is going to be slow.
You feel sick. The adder bites you but does no damage.
The adder completely misses you.
You feel sick. The adder completely misses you. The adder bites you.
* * * LOW HITPOINT WARNING * * *
You are more poisoned.
The adder poisons you!
You enter the shallow water.
Moving in this stuff is going to be slow.
You feel sick. The adder bites you.
* * * LOW HITPOINT WARNING * * *
The adder closely misses you.
You feel sick. The adder completely misses you. The adder closely misses you.
The adder bites you.
* * * LOW HITPOINT WARNING * * *
* * * LOW HITPOINT WARNING * * *
You feel sick. The adder misses you. The adder completely misses you.
The adder misses you.
You feel sick.
You are no longer poisoned.
The adder closely misses you. The adder bites you.
You die...

#.≈≈# #.†..# S...#
#≈≈≈#####†'#####''####
#.†≈≈.≈..............∩
#.≈≈≈≈≈..............∩
#≈≈≈#####''#####++####
#.≈≈# #....# #.≈≈#
######
#≈≈≈##################
#≈≈≈≈@S≈≈Br.≈≈≈≈.≈≈≈≈≈
#≈≈.≈≈Sb≈≈≈≈≈≈≈≈≈≈≈≈≈≈
#≈≈≈≈.≈≈≈≈≈.≈≈≈≈≈≈≈≈≈.
#.≈.##################
#≈≈≈# .≈≈≈≈# ≈≈≈≈≈≈≈
≈≈≈≈≈≈≈


You could see 2 adders, a quokka, a giant cockroach and a bat.

Vanquished Creatures
  An ogre (D:4)
  A gnoll sergeant (D:5)
  2 jellies
  An orc priest (D:4)
  A hound (D:4)
  A centaur skeleton (D:4)
  3 iguanas (D:4)
  An orc wizard (D:4)
  A hound skeleton (D:5)
  12 gnolls
  5 adders
  4 river rats (Sewer)
  A shadow imp (D:4)
  3 worms
  A dart slug (D:4)
  8 orcs
  6 ball pythons
  6 endoplasms
  A giant cockroach (Sewer)
  10 goblins
  4 hobgoblins
  10 jackals
  8 kobolds
  9 quokkas
  10 bats
  2 frilled lizards
  2 rats
114 creatures vanquished.

Vanquished Creatures (collateral kills)
  A phantom (D:5)
1 creature vanquished.

Vanquished Creatures (others)
  2 fungi (D:1)
  A plant (D:1)
3 creatures vanquished.

Grand Total: 118 creatures vanquished

Notes
Turn   | Place    | Note
-------+----------+-------------------------------------------
     0 | D:1      | issech the Troll Monk began the quest for the Orb.
     0 | D:1      | Reached XP level 1. HP: 22/22 MP: 0/0
   229 | D:1      | Reached XP level 2. HP: 15/29 MP: 1/1
   477 | D:1      | Reached skill level 3 in Maces & Flails
   548 | D:1      | Found a faded altar of an unknown god.
   975 | D:2      | Reached XP level 3. HP: 34/36 MP: 2/2
  2033 | D:3      | Found a glowing golden altar of the Shining One.
  2037 | D:3      | Reached XP level 4. HP: 44/44 MP: 3/3
  2289 | D:3      | Found a shimmering altar of Xom.
  2998 | D:4      | Reached XP level 5. HP: 41/53 MP: 4/4
  3028 | D:4      | Reached skill level 4 in Maces & Flails
  3168 | D:4      | Noticed an ogre
  3290 | D:4      | Reached XP level 6. HP: 50/61 MP: 5/5
  3702 | D:4      | Reached skill level 5 in Maces & Flails
  3944 | D:4      | Found a sparkling altar of Nemelex Xobeh.
  4007 | D:5      | Entered Level 5 of the Dungeon
  4040 | D:5      | Reached XP level 7. HP: 63/68 MP: 4/6
  4056 | D:5      | Found an iron altar of Okawaru.
  4214 | D:5      | Reached skill level 6 in Maces & Flails
  4339 | D:5      | Found a glowing drain.
  4344 | Sewer    | Entered a sewer
  4568 | Sewer    | HP: 3/68 [poisoned by an adder]
  4571 | Sewer    | HP: 1/68 [adder (2)]
  4580 | Sewer    | HP: 3/68 [adder (1)]
  4582 | Sewer    | HP: 1/68 [adder (1)]
  4584 | Sewer    | Slain by an adder

Illustrated notes

Levels and vault maps discovered:
D:1:      minmay_arrival_open_corners, layout_basic,
          shapermc_ecumenical_altar_petra
D:2:      layout_basic, amcnicky_mini_rare_corridor_liquid
D:3:      layout_loops_ring, xom_butterflies, nicolae_tso_carved_into_rock
D:4:      layout_rooms, marbit_many_paths, minmay_bisected
D:5:      wander_river, layout_gridville, general_overflow_altar,
          gammafunk_temple_overflow_elements, lemuel_coloured_pillars_altar,
          gup_sewer_entry_bowl, uniq_blork_the_orc
Sewer:    sewer_fruit_machine

Skill      XL: |  1  2  3  4  5  6  7 |
---------------+----------------------+-----
Maces & Flails | 3 4 5 6 |  6.1
Dodging        | 3 4 |  4.2
Fighting       | 3 |  3.8
Throwing       | |  0.6
Stealth        | |  1.5

Action                   |  1- 3 |  4- 6 |  7- 9 || total
-------------------------+-------+-------+-------++-------
Melee: Mace              |   152 |   188 |       ||   340
       Punch             |       |     1 |       ||     1
       Giant spiked club |       |    38 |   103 ||   141
       Flail             |       |     4 |       ||     4
Throw: Large rock        |     1 |     8 |       ||     9
  Use: Scroll            |       |     3 |       ||     3
 Stab: Sleeping          |     2 |     1 |       ||     3
Armor: Robe              |    91 |    46 |    64 ||   201
Dodge: Dodged            |   146 |   217 |   289 ||   652
